 Dungeon Crawl Stone Soup version 0.29.1-2-gbd0b4ee654 (webtiles) character file.

Game seed: 3878629625279805277

199 mortz the Chopper (level 5, -2/45 HPs)
             Began as a Hill Orc Fighter on Nov 17, 2022.
             Was an Initiate of Beogh.
             Slain by an ogre
             ... wielding a +0 giant club
              (16 damage)
             ... on level 5 of the Dungeon.
             The game lasted 00:17:20 (3942 turns).

mortz the Chopper (Hill Orc Fighter)                Turns: 3942, Time: 00:17:21

Health: -2/45      AC: 11    Str: 21    XL:     5   Next: 77%
Magic:  5/5        EV:  9    Int:  8    God:    Beogh [......]
Gold:   60         SH:  4    Dex: 10    Spells: 4/4 levels left

rFire   . . .      SeeInvis .   b - +0 hand axe (elec)
rCold   + . .      Faith    .   c - +0 buckler
rNeg    . . .      Spirit   .   t - +2 scale mail {rC+}
rPois   .          Reflect  .   I - +0 helmet
rElec   .          Harm     .   (no cloak)
rCorr   .          Rampage  .   f - +0 pair of gloves
Will    .....                   (no boots)
Stlth   ..........              (no amulet)
HPRegen 0.15/turn               r - ring of wizardry
MPRegen 0.09/turn               (no ring)

@: no status effects
A: no striking features
a: Renounce Religion


You were on level 5 of the Dungeon.
You worshipped Beogh.
Beogh was noncommittal.
You visited 1 branch of the dungeon, and saw 5 of its levels.

You collected 170 gold pieces.
You spent 110 gold pieces at shops.

Inventory:

Hand Weapons
 a - a +0 war axe
 b - a +0 hand axe of electrocution (weapon)
 k - a +0 war axe
 p - a +2 short sword of draining
 s - a +4 dagger
 G - a +0 spear
Missiles
 y - 4 javelins (quivered)
Armour
 c - a +0 buckler (worn)
 f - a +0 pair of gloves (worn)
 t - a +2 scale mail of cold resistance (worn)
 x - a +0 scale mail
 C - a +0 chain mail
 I - a +0 helmet (worn)
Jewellery
 l - a ring of ice
 r - a ring of wizardry (left hand)
Scrolls
 g - a scroll of noise {unknown}
 h - a scroll of enchant weapon {unknown}
 i - a scroll of identify {unknown}
 j - 2 scrolls of poison {unknown}
 n - 5 scrolls of teleportation {unknown}
 o - a scroll of acquirement {unknown}
 q - a scroll of summoning {unknown}
 v - a scroll of enchant armour {unknown}
 w - a scroll of butterflies {unknown}
 B - a scroll of amnesia {unknown}
 E - a scroll of magic mapping {unknown}
 F - a scroll of blinking {unknown}
Potions
 d - 2 potions of might
 e - 5 potions of curing
 m - a potion of attraction {unknown}
 u - a potion of degeneration {unknown}
 z - 2 potions of flight
 A - a potion of heal wounds
 D - a potion of cancellation {unknown}
 H - a potion of resistance {unknown}


   Skills:
 - Level 3.6 Fighting
 + Level 7.7 Axes
 - Level 3.2 Armour
 - Level 3.2 Shields


You had 4 spell levels left.
You didn't know any spells.
Your spell library contained the following spells:

 Spells                   Type           Power      Damage    Failure   Level
 Necrotise                Necr           0%         1d4       50%         1
 Summon Small Mammal      Summ           0%         N/A       50%         1
 Ensorcelled Hibernation  Hex/Ice        0%         N/A       65%         2
 Passwall                 Tmut/Erth      0%         N/A       65%         2
 Call Canine Familiar     Summ           0%         N/A       86%         3
 Dazzling Flash           Conj/Hex       0%         N/A       86%         3
 Summon Guardian Golem    Hex/Summ       0%         N/A       86%         3
 Swiftness                Air            0%         N/A       86%         3
 Vampiric Draining        Necr           0%         2d6       86%         3
 Agony                    Necr           0%         N/A       100%        5
 Silence                  Hex/Air        0%         N/A       100%        5
 Chain Lightning          Conj/Air       0%         N/A       100%        9
 Fire Storm               Conj/Fire      0%         5d1       100%        9
 Shatter                  Erth           0%         3d5*      100%        9


Dungeon Overview and Level Annotations

Branches:
Dungeon (5/15) Zot: 26026
 Temple: D:4-7

Altars:

Shops:
D:2 !   D:3 *

Annotations:
D:1 exclusion: downstairs


Message History

You climb upwards.
There is a stone staircase leading down here.
There is a stone staircase leading down here.
You climb downwards.
Found a fuming sapphire potion, 19 gold pieces and a leather armour.
There is a stone staircase leading up here.
You climb upwards.
There is a stone staircase leading down here.
Items here: ))) [[.
There is a stone staircase leading down here.
You climb downwards.
There is a stone staircase leading up here.
d - 2 potions of might (gained 1)
An ogre comes into view. It is wielding a +0 giant club.
The ogre shouts!
You throw a javelin. The javelin pierces through the ogre!
The ogre is heavily wounded.
You hit the ogre.
The ogre is heavily wounded.
The ogre hits you with a +0 giant club!!
You hit the ogre.
The ogre is heavily wounded.
You hit the ogre but do no damage.
The ogre is heavily wounded.
The ogre closely misses you.
You hit the ogre but do no damage.
The ogre is heavily wounded.
You hit the ogre.
The ogre is heavily wounded.
The ogre closely misses you.
You slash the ogre!
The ogre is almost dead.
The ogre hits you with a +0 giant club!
You are too injured to fight recklessly!
You hit the ogre but do no damage.
The ogre is almost dead.
You barely miss the ogre.
The ogre is almost dead.
The ogre hits you with a +0 giant club!
You die...

.
#......###...##
.... ...
#...........#
....
###....####.....
..# #..###
#..... #.####.#
..... #..#.##
..... #....#
.... ##...# ...
#..@#
#...O......
....#....(#..
###..#..####
#.....# ..#
#.....# ... #.
...# ... .....
W.. ## ..#


You could see an ogre.

Vanquished Creatures
  A scorpion (D:4)
  Jessica (D:2)
  An iguana (D:4)
  An orc wizard (D:3)
  3 adders
  A worm (D:3)
  A dart slug (D:2)
  4 orcs
  4 ball pythons (D:2)
  4 bats
  6 endoplasms
  A giant cockroach (D:2)
  2 hobgoblins
  6 kobolds
  A quokka (D:3)
  3 frilled lizards
  6 rats
46 creatures vanquished.

Notes
Turn   | Place    | Note
-------+----------+-------------------------------------------
     0 | D:1      | mortz the Hill Orc Fighter began the quest for the Orb.
     0 | D:1      | Reached XP level 1. HP: 19/19 MP: 1/1
   140 | D:1      | Reached skill level 3 in Axes
   327 | D:1      | Found a faded altar of an unknown god.
   927 | D:2      | Noticed Jessica
   927 | D:2      | Found Xanewile's Distillery.
   976 | D:2      | Reached XP level 2. HP: 26/26 MP: 2/2
  1023 | D:2      | Reached skill level 4 in Axes
  1209 | D:2      | Reached XP level 3. HP: 25/31 MP: 3/3
  1516 | D:2      | Killed Jessica
  1517 | D:2      | Reached skill level 5 in Axes
  1517 | D:2      | Reached XP level 4. HP: 30/39 MP: 4/4
  1915 | D:3      | Became a worshipper of Beogh the Brigand
  1932 | D:3      | Found Sydiur's Assorted Antiques.
  2403 | D:3      | Reached skill level 6 in Axes
  2818 | D:2      | Bought a potion of curing for 30 gold pieces
  2818 | D:2      | Bought a potion of heal wounds for 50 gold pieces
  2818 | D:2      | Bought a potion of flight for 30 gold pieces
  3208 | D:4      | Reached XP level 5. HP: 20/45 MP: 5/5
  3523 | D:4      | Reached skill level 7 in Axes
  3813 | D:5      | Entered Level 5 of the Dungeon
  3813 | D:5      | Noticed a phantom
  3933 | D:5      | Noticed an ogre
  3942 | D:5      | Slain by an ogre

Illustrated notes

Levels and vault maps discovered:
D:1:      dpeg_arrival_concentric_ovals, layout_loops_corners,
          dreamdust_ecumenical_altar_hidden_monk_grotto, minmay_misc_feat_rows
D:2:      layout_loops_ring, serial_shops, shop, uniq_jessica
D:3:      layout_loops_ring, serial_aquarium, aquarium_bridge_long_separate
          [aquarium_subvault_bridge, aquarium_subvault_bridge,
          aquarium_subvault_window, aquarium_subvault_bridge,
          aquarium_subvault_bridge, aquarium_subvault_bridge],
          aquarium_bridge_straight [aquarium_subvault_bridge,
          aquarium_subvault_wall, aquarium_subvault_bridge,
          aquarium_subvault_wall], aquarium_window_2, aquarium_window_fake,
          aquarium_window_fake, aquarium_window_corridor_1, aquarium_view_2d,
          aquarium_view_2b, aquarium_pool_2, serial_shops, shop,
          grunt_decor_mini_mirrors
D:4:      layout_loops_ring
D:5:      layout_layer_cave, saegor_snake_ambush

Skill      XL: |  1  2  3  4  5 |
---------------+----------------+-----
Axes           | 3 4 5 6 7 |  7.7
Fighting       | |  3.6
Armour         | |  3.2
Shields        | |  3.2

Action                   |  1- 3 |  4- 6 || total
-------------------------+-------+-------++-------
Melee: War axe           |    57 |    30 ||    87
       Hand axe          |       |    66 ||    66
Throw: Javelin           |       |     1 ||     1
Invok: Convert to Beogh  |       |     1 ||     1
Armor: Scale mail        |    32 |    25 ||    57
Dodge: Dodged            |    15 |    26 ||    41
Block: Buckler           |    11 |    18 ||    29
